Map: King's Cove LE

Players

PtitDrogo

  • Race: Protoss Protoss
  • League: Master
  • Spawn Location: 5:00

soO - Winner!

  • Race: Zerg Zerg
  • Spawn Location: 11:00

Event: HomeStory Cup XIX

VOD

Have the link to the VOD?

Description

Time

  • Played on: June 28, 2019, 1:19 p.m.
  • Length: 9:06

All games in this series

Show
View Real Time Build Order
Export as new Build Order

PtitDrogo Protoss 

Build Orders: Oracle Opening, Zealot Archon 

Get SALT Encoding   

  12  0:00  Probe  
  13  0:12  Probe  
  14  0:19  Pylon  
  14  0:24  Probe  
  15  0:29  Assimilator  
  15  0:34  Probe  
  16  0:43  Probe, Gateway  
  17  0:52  Probe  
  18  1:04  Probe  
  19  1:17  Probe  
  20  1:21  Zealot  
  20  1:29  Probe  
  23  1:32  Cybernetics Core  
  23  1:35  Pylon  
  23  1:53  Probe  
  24  2:05  Probe  
  25  2:11  Adept  
  25  2:15  Nexus  
  25  2:17  Probe  
  25  2:19  Assimilator  
  28  2:30  Pylon  
  28  2:35  Probe  
  29  2:40  Adept  
  31  2:47  Stargate  
  31  2:50  Probe  
  32  3:02  Probe  
  33  3:15  Probe  
  34  3:21  Oracle  
  34  3:25  Probe  
  36  3:27  Probe  
  36  3:33  Probe  
  39  3:37  Warp Gate  
  39  3:39  Probe  
  39  3:40  Gateway  
  39  3:41  Probe  
  42  3:51  Probe  
  42  3:52  Oracle  
  42  3:53  Probe  
  44  3:58  Assimilator  
  47  4:03  Probe  
  47  4:05  Probe  
  47  4:06  Robotics Facility  
  49  4:15  Probe  
  50  4:17  Probe  
  50  4:20  Pylon  
  51  4:27  Probe, Assimilator  
  51  4:29  Probe  
  53  4:35  Oracle  
  56  4:39  Probe  
  56  4:41  Probe  
  56  4:42  Nexus  
  58  4:45  Pylon  
  58  4:51  Probe  
  59  4:53  Probe, Pylon  
  59  4:55  Observer  
  61  5:03  Probe  
  61  5:06  Probe  
  56  5:13  Forge, Twilight Council  
  55  5:15  Probe  
  56  5:21  Probe  
  56  5:23  Probe  
  56  5:25  Adept x2  
  62  5:29  Immortal  
  62  5:31  Probe  
  62  5:33  Probe  
  62  5:35  Pylon  
  68  5:44  Probe  
  68  5:48  Probe  
  68  5:49  Charge  
  70  5:52  Probe  
  71  5:58  Probe  
  71  6:00  Probe  
  71  6:02  Probe, Protoss Ground Weapons Level 1  
  73  6:05  Stalker x2  
  73  6:06  Probe  
  79  6:12  Probe  
  79  6:14  Probe, Oracle  
  79  6:16  Probe  
  79  6:21  Shield Battery  
  79  6:23  Pylon  
  79  6:24  Probe  
  67  6:26  Probe  
  67  6:28  Zealot x2  
  70  6:34  Pylon  
  60  6:42  Pylon  
  60  6:46  Immortal  
  58  6:50  Stalker  
  58  7:00  Probe x2  
  59  7:12  Probe x2  
  59  7:13  Zealot x2  
  59  7:14  Templar Archives  
  65  7:24  Probe x2  
  69  7:33  Pylon  
  69  7:49  Warp Prism, Nexus  
  69  7:52  High Templar x2  
  69  7:56  Archon  
  73  8:02  Gateway  
  73  8:03  Gateway  
  73  8:11  Phoenix  
  75  8:21  Probe x2  
  75  8:24  High Templar x2  
  81  8:28  Archon  
  81  8:29  Pylon  
  81  8:31  Phoenix  
  81  8:33  Probe x2  
  83  8:35  Pylon, Stargate  
  85  8:45  Probe  
  74  8:57  Stalker x2  
  74  9:02  Pylon  
Show
View Real Time Build Order
Export as new Build Order

soO Zerg - Winner!

Build Orders: 3 Hatch before Pool 

Get SALT Encoding   

  12  0:00  Drone  
  13  0:12  Overlord  
  13  0:18  Drone  
  14  0:30  Drone x2  
  14  0:34  Drone  
  17  0:53  Hatchery  
  17  0:56  Drone  
  17  1:00  Drone  
  18  1:21  Hatchery  
  18  1:24  Drone  
  18  1:28  Drone  
  19  1:38  Extractor  
  18  1:42  Spawning Pool  
  18  1:45  Drone  
  18  1:48  Drone  
  18  1:52  Drone  
  20  2:00  Drone  
  22  2:12  Drone  
  22  2:15  Hatchery  
  22  2:20  Drone  
  23  2:27  Drone  
  23  2:29  Queen, Overlord  
  26  2:35  Queen  
  28  2:39  Extractor  
  28  2:41  Drone  
  28  2:48  Drone x2  
  28  2:50  Metabolic Boost  
  30  2:53  Zergling x2  
  30  2:54  Zergling x2  
  33  3:02  Extractor  
  33  3:05  Zergling x2, Queen  
  35  3:10  Drone  
  36  3:15  Drone, Spore Crawler  
  37  3:23  Overlord  
  37  3:26  Queen  
  39  3:27  Drone  
  39  3:28  Overlord  
  39  3:30  Drone  
  39  3:32  Drone  
  42  3:45  Drone x6  
  48  3:49  Drone  
  48  3:50  Drone  
  48  3:52  Queen  
  52  3:57  Drone  
  52  3:58  Spore Crawler  
  52  4:02  Drone, Spore Crawler  
  52  4:05  Drone  
  52  4:06  Drone  
  54  4:14  Zergling x4  
  54  4:15  Lair  
  54  4:16  Drone  
  56  4:19  Drone  
  56  4:22  Overlord  
  57  4:24  Extractor  
  57  4:25  Drone x2, Extractor  
  57  4:33  Drone  
  57  4:35  Overlord  
  57  4:36  Drone  
  58  4:39  Overlord  
  58  4:40  Drone x2  
  58  4:41  Drone x2  
  58  4:43  Zergling x2  
  58  4:45  Drone x2  
  65  4:46  Drone  
  65  4:52  Spore Crawler  
  65  4:55  Zergling x2  
  65  4:59  Drone x2  
  67  5:00  Drone  
  67  5:02  Drone x3  
  67  5:05  Drone x3  
  73  5:11  Queen  
  75  5:15  Nydus Network  
  75  5:17  Overseer  
  75  5:19  Queen  
  74  5:21  Zergling x2  
  74  5:22  Zergling x2  
  74  5:24  Zergling x2  
  77  5:29  Zergling x4  
  77  5:30  Zergling x2  
  77  5:31  Zergling x2  
  81  5:36  Overlord x3  
  81  5:39  Overlord  
  81  5:45  Zergling x2  
  81  5:46  Zergling x2  
  82  5:50  Overlord  
  82  5:55  Nydus Canal  
  82  5:58  Zergling x18  
  88  6:07  Zergling x2  
  88  6:08  Zergling x4  
  88  6:09  Nydus Canal  
  91  6:17  Zergling x2  
  91  6:18  Zergling x4  
  91  6:21  Zergling x4  
  91  6:24  Nydus Canal  
  91  6:25  Zergling x2  
  92  6:31  Zergling x4  
  94  6:35  Drone  
  94  6:37  Drone, Extractor, Spire  
  94  6:38  Drone x2  
  94  6:39  Extractor  
  92  6:42  Nydus Canal  
  92  6:44  Drone x2  
  92  6:45  Drone, Hatchery  
  88  6:52  Drone x2  
  88  6:53  Queen x3  
  94  6:57  Drone x3  
  94  6:58  Drone  
  96  7:01  Drone  
  96  7:02  Drone  
  96  7:08  Drone  
  96  7:11  Extractor  
  96  7:12  Roach Warren  
  94  7:32  Overlord  
  93  7:50  Mutalisk x11  
  115  7:56  Mutalisk  
  117  8:00  Overlord  
  117  8:01  Queen  
  117  8:04  Mutalisk x2, Overlord  
  123  8:08  Overseer  
  123  8:11  Overlord  
  120  8:24  Roach x10  
  140  8:31  Roach x2  
  144  8:35  Roach x3, Overlord  
  144  8:38  Roach x3  
  144  8:39  Overlord  
  156  8:43  Overlord x2  
  156  8:45  Overlord  
Tags
 
Add a new tag
Caveats
  • Supply blocks, unpowered buildings, or Contaminate may cause inaccurate times.
  • Supply counts are checked every 10 seconds.